AoeStats
← DisorderWess

Arabia

505375652Analyzed
3v3 RM · 23d ago on Sep 9, 2026· 49m 25s· 6 players
Game mode
Random Map
Map size
Normal (6 player)
Population
200
Speed
Normal
Resources
Standard
Victory
Conquest
Starting age
Dark Age
Ending age
Imperial Age
RankedLock teamsTeams togetherTeam positionsShared explorationLock speedFull tech treeHidden civsTurbo modeCheats
Victory
Defeat
🇨🇴 Spanish · Colombia
946
+36
🇨🇱 Italians · Chile
921
+14
🇧🇷 Franks · Brazil
892
+14
🇲🇽 Inca · Mexico
907
-15
🇲🇽 Turks · Mexico
872
-14
🇲🇽 Wei · Mexico
833
-12
KatituWanted
0:35 Loom
10:16 Feudal Age
21:13 Castle Age
22:07 Husbandry
24:35 Gold Mining
25:30 Double-Bit Axe
26:26 Forging
32:41 Scale Barding Armor
35:33 Imperial Age
33:39 Wheelbarrow
35:21 Stone Mining
35:51 Cavalier
37:41 Paladin
41:22 Gold Shaft Mining
43:26 Elite Throwing Axeman
44:27 Conscription
45:49 Iron Casting
45:35 Chain Barding Armor
45:17 Scale Mail Armor
45:53 Chivalry
50:29 Plate Barding Armor
50:55 Blast Furnace
Huidaveloz
3:18 Loom
12:26 Feudal Age
13:34 Town Watch
16:43 Castle Age
15:47 Double-Bit Axe
17:19 Bloodlines
16:51 Light Cavalry
23:10 Forging
27:21 Fervor
28:26 Gold Mining
33:10 Imperial Age
31:03 Ballistics
31:48 Wheelbarrow
31:17 Fletching
31:27 Padded Archer Armor
31:48 Bow Saw
33:08 Horse Collar
33:59 Bodkin Arrow
34:20 Leather Archer Armor
35:42 Conscription
37:13 Chemistry
39:03 Murder Holes
39:50 Elite Genoese Crossbowman
42:14 Hoardings
42:24 Stone Mining
43:32 Bracer
44:02 Ring Archer Armor
46:06 Hand Cart
50:00 Two-Man Saw
zOrrito
9:52 Feudal Age
10:20 Loom
19:18 Castle Age
18:25 Double-Bit Axe
18:22 Horse Collar
19:10 Scale Barding Armor
27:45 Scale Mail Armor
39:59 Imperial Age
39:05 Husbandry
39:17 Bloodlines
38:30 Light Cavalry
41:44 Cavalier
43:57 Bow Saw
43:51 Heavy Plow
45:18 Chemistry
47:24 Paladin
49:36 Gold Mining
DUIS12
18:11 Feudal Age
16:29 Loom
18:15 Feudal Age
22:35 Castle Age
24:28 Squires
25:55 Town Watch
26:59 Pikeman
30:22 Gold Mining
31:43 Forging
31:42 Scale Barding Armor
40:17 Bloodlines
44:16 Husbandry
DisorderWess
10:34 Feudal Age
11:05 Loom
15:01 Champi Runner
15:39 Arson
22:27 Castle Age
21:11 Horse Collar
21:18 Double-Bit Axe
21:24 Gold Mining
21:27 Stone Mining
23:09 Squires
22:29 Pikeman
23:02 Champi Warrior
24:05 Forging
35:41 Elite Skirmisher
40:11 Imperial Age
38:53 Ballistics
38:16 Treadmill Crane
38:47 Fortified Wall
41:21 Iron Casting
40:47 Scale Mail Armor
41:01 Halberdier
42:56 Wheelbarrow
42:07 Town Watch
43:31 Thumb Ring
45:20 Heavy Plow
45:30 Bow Saw
45:55 Gold Shaft Mining
45:08 Elite Champi Warrior
47:49 Blast Furnace
47:04 Chain Mail Armor
46:39 Fletching
46:49 Padded Archer Armor
chayane
5:55 Loom
9:57 Feudal Age
12:11 Wheelbarrow
15:05 Horse Collar
15:13 Double-Bit Axe
21:36 Castle Age
22:46 Bow Saw
22:39 Heavy Plow
23:02 Squires
28:19 Hand Cart
28:54 Ballistics
32:29 Forging
34:14 Fortified Wall
33:47 Treadmill Crane
35:31 Masonry
36:49 Town Watch
37:53 Murder Holes
42:42 Imperial Age
45:24 Artillery
Connection lost

Rejoining the realm…

Still unreachable

The connection could not be restored.

Session expired

The server has moved on; the page needs a fresh start.